 Dungeon Crawl Stone Soup version 0.28.0-53-g5a82cb258f (webtiles) character file.

Game seed: 10207373869091917187

65 Plasmagod the Conjurer (level 3, -10/19 HPs)
             Began as a Deep Elf Conjurer on July 23, 2022.
             Killed from afar by Ijyb (29 damage)
             ... with a bolt of acid
             ... on level 3 of the Dungeon.
             The game lasted 00:02:51 (2096 turns).

Plasmagod the Conjurer (Deep Elf Conjurer)          Turns: 2096, Time: 00:02:52

Health: -10/19     AC:  3    Str:  4    XL:     3   Next: 94%
Magic:  3/9        EV: 16    Int: 24    God:
Gold:   52         SH:  0    Dex: 13    Spells: 3/8 levels left

rFire   . . .      SeeInvis .   i - +2 short sword (elec)
rCold   . . .      Faith    .   (no shield)
rNeg    . . .      Spirit   .   a - +0 robe
rPois   .          Reflect  .   (no helmet)
rElec   .          Harm     .   (no cloak)
rCorr   .          Rampage  .   g - +0 pair of gloves
Will    .....                   (no boots)
Stlth   ++........              (no amulet)
HPRegen 0.06/turn               j - +4 ring of evasion
MPRegen 0.11/turn               (no ring)

@: no status effects
A: no striking features
a: no special abilities


You were on level 3 of the Dungeon.
You visited 1 branch of the dungeon, and saw 3 of its levels.

You collected 52 gold pieces.

Inventory:

Hand Weapons
 i - a +2 short sword of electrocution (weapon)
Armour
 a - a +0 robe (worn)
 g - a +0 pair of gloves (worn)
Jewellery
 j - a +4 ring of evasion (left hand)
Wands
 k - a wand of flame (18)
Scrolls
 c - a scroll of noise {unknown}
 d - a scroll of silence {unknown}
 e - 2 scrolls of identify {unknown}
Potions
 b - a potion of flight {unknown}
 f - 2 potions of attraction {unknown}
 h - a potion of heal wounds {unknown}
 l - a potion of might {unknown}
 m - a potion of mutation {unknown}


   Skills:
 + Level 2.8 Dodging
 + Level 2.6 Stealth
 + Level 3.4 Spellcasting
 + Level 5.7 Conjurations


You had 3 spell levels left.
You knew the following spells:

 Your Spells              Type           Power      Damage    Failure   Level
a - Magic Dart            Conj           100%       1d8       1%          1
b - Searing Ray           Conj           62%        2d6       1%          2
c - Poisonous Vapours     Pois/Air       8%         N/A       16%         2

Your spell library contained the following spells:

 Spells                   Type           Power      Damage    Failure   Level
 Dazzling Flash           Conj/Hex       34%        N/A       10%         3
 Sting                    Tmut/Pois      16%        1d3       11%         1
 Corpse Rot               Necr/Air       8%         N/A       16%         2
 Fulminant Prism          Conj/Hex       8%         3d7       32%         4
 Iskenderun's Mystic Bla  Conj/Tloc      17%        2d5       32%         4
 Olgreb's Toxic Radiance  Pois           4%         N/A       71%         4


Dungeon Overview and Level Annotations

Branches:
Dungeon (3/15)

Altars:

Annotations:
D:3 Ijyb


Message History

Done exploring.
Done exploring.
There is a stone staircase leading down here.
You climb downwards.
There is a stone staircase leading up here.
Found a hand crossbow.
You see here a +0 hand crossbow.
Found an escape hatch in the ceiling.
Found a stone staircase leading down.
There is an escape hatch in the ceiling here.
Found a long sword.
You now have 52 gold pieces (gained 18).
m - a lumpy purple potion
Found 27 sling bullets.
Ijyb the Twisted Goblin comes into view.
She is wielding a +0 club and carrying a wand of acid (7).
Aiming: Magic Dart (safe; 1% risk of failure)
Press: ? - help, Q - select action, (/) - cycle Shift-Dir - straight line, f - Ijyb
Aim: Ijyb, wielding a +0 club, wearing a +0 ring mail and carrying a wand of acid (7) (asleep, 100% to hit)
The magic dart hits Ijyb but does no damage.
Ijyb shouts!
Casting: Magic Dart (safe; 1% risk of failure)
Confirm with . or Enter, or press ? or * to list all spells.
Aiming: Poisonous Vapours (safe; 16% risk of failure)
Press: ? - help, Dir - move target, f/p - Ijyb
Aim: Ijyb, wielding a +0 club, wearing a +0 ring mail and carrying a wand of acid (7) Poisonous vapours surround Ijyb!
Ijyb is poisoned.
Aiming: Magic Dart (safe; 1% risk of failure)
Press: ? - help, Q - select action, (/) - cycle Shift-Dir - straight line, f/p - Ijyb
Aim: Ijyb, wielding a +0 club, wearing a +0 ring mail and carrying a wand of acid (7) (poisoned, 100% to hit)
The magic dart hits Ijyb but does no damage.
Casting: Magic Dart (safe; 1% risk of failure)
Confirm with . or Enter, or press ? or * to list all spells.
Aiming: Searing Ray (safe; 1% risk of failure)
Press: ? - help, Shift-Dir - straight line, f/p - Ijyb
Aim: Ijyb, wielding a +0 club, wearing a +0 ring mail and carrying a wand of acid (7) (lightly wounded, poisoned, 77% to hit)
The searing ray hits Ijyb but does no damage.
Ijyb is lightly wounded. (Press . to maintain the ray.) Ijyb zaps a wand.
The bolt of acid hits you!!
Ouch! That really hurt!
You die...

.....#....#....
.............(..
........##.....#
#.#.....##.....#
#.#............#
#.#...#....#...#
#.#............#
#.......@.......
#........##.g...
#.#####.## #..
####### #.# #..#
.<....###.####.##
....#..........#
###.#..##........
.##........##.###
..###.......#.#


You could see Ijyb (poisoned).

Vanquished Creatures
  A hound (D:2)
  An adder (D:2)
  3 ball pythons
  2 bats (D:1)
  2 endoplasms
  2 giant cockroaches
  3 goblins
  4 jackals (D:2)
  3 kobolds (D:1)
  4 rats
25 creatures vanquished.

Notes
Turn   | Place    | Note
-------+----------+-------------------------------------------
     0 | D:1      | Plasmagod the Deep Elf Conjurer began the quest for the
                  | Orb.
     0 | D:1      | Reached XP level 1. HP: 10/10 MP: 6/6
   354 | D:1      | Reached XP level 2. HP: 15/15 MP: 6/8
   357 | D:1      | Learned a level 2 spell: Searing Ray
   860 | D:1      | Found a faded altar of an unknown god.
  1111 | D:2      | Reached skill level 5 in Conjurations
  1574 | D:2      | Reached XP level 3. HP: 19/19 MP: 6/9
  1721 | D:2      | Learned a level 2 spell: Poisonous Vapours
  2092 | D:3      | Noticed Ijyb
  2096 | D:3      | Killed from afar by Ijyb

Illustrated notes

Levels and vault maps discovered:
D:1:      dpeg_arrival_stonehenge_8_columns, layout_basic,
          basic_ecumenical_altar, supply_closet_lemuel,
          minmay_misc_feat_encased, columned_hall_lemuel,
          chequers_serial_rivers_room_b, minivault_24, palyth_stone_intersect,
          interstate_on_off
D:2:      layout_basic
D:3:      layout_loops_corners, skrybe_limestone_x, uniq_sigmund, uniq_ijyb

Skill      XL: |  1  2 |
---------------+-------+-----
Conjurations   | 5 |  5.7
Dodging        | |  2.8
Stealth        | |  2.6
Spellcasting   | |  3.4

Action                   || total
-------------------------++-------
Melee: Short sword       ||     1
 Cast: Magic Dart        ||    28
       Searing Ray       ||     7
       Poisonous Vapours ||     1
Armor: Robe              ||     2
Dodge: Dodged            ||     2
